Map: Cyber Forest LE

Players

PtitDrogo - Winner!

  • Race: Protoss Protoss
  • League: Grandmaster
  • Spawn Location: 11:00

HeroMarine

  • Race: Terran Terran
  • League: Master
  • Spawn Location: 5:00

Event: 2019 WCS Winter Europe

VOD

Have the link to the VOD?

Description

Time

  • Played on: March 24, 2019, 10:02 a.m.
  • Length: 9:50

All games in this series

Show
View Real Time Build Order
Export as new Build Order

PtitDrogo Protoss - Winner!

Build Orders: 1 Gate Expand, Oracle Opening 

Get SALT Encoding   

  12  0:00  Probe  
  13  0:12  Probe  
  14  0:17  Pylon  
  14  0:24  Probe  
  15  0:32  Probe  
  15  0:37  Gateway  
  15  0:40  Probe  
  16  0:45  Assimilator  
  17  0:51  Probe  
  18  1:03  Probe  
  19  1:15  Probe  
  20  1:23  Nexus  
  20  1:33  Cybernetics Core  
  20  1:36  Probe  
  21  1:41  Assimilator  
  21  1:48  Probe  
  21  1:51  Pylon  
  22  1:59  Adept  
  22  2:00  Probe  
  23  2:12  Probe  
  26  2:15  Stargate  
  26  2:23  Warp Gate  
  26  2:24  Probe  
  27  2:32  Probe  
  27  2:33  Probe  
  29  2:40  Probe  
  29  2:41  Probe  
  29  2:47  Adept  
  29  2:49  Probe  
  29  2:50  Oracle  
  29  2:51  Probe  
  35  3:01  Probe  
  35  3:03  Probe  
  40  3:11  Pylon  
  40  3:13  Probe  
  40  3:15  Probe  
  42  3:21  Gateway  
  42  3:22  Gateway  
  42  3:25  Probe  
  42  3:26  Oracle  
  43  3:27  Probe  
  44  3:37  Probe  
  48  3:41  Probe  
  48  3:43  Pylon  
  48  3:45  Pylon  
  49  3:49  Probe  
  49  3:53  Probe  
  51  4:01  Phoenix  
  51  4:02  Probe  
  52  4:05  Assimilator, Probe  
  52  4:07  Assimilator  
  55  4:13  Adept  
  57  4:18  Oracle  
  57  4:20  Adept x2  
  57  4:23  Pylon  
  57  4:24  Probe  
  65  4:38  Adept  
  67  4:40  Probe x2  
  67  4:42  Adept x2  
  73  4:50  Forge, Twilight Council  
  73  4:52  Pylon  
  73  4:55  Probe  
  74  5:04  Nexus  
  74  5:07  Probe  
  74  5:08  Probe  
  74  5:22  Protoss Ground Weapons Level 1, Probe  
  74  5:24  Resonating Glaives  
  66  5:35  Probe  
  63  5:39  Sentry x3, Probe  
  70  5:44  Gateway  
  70  5:46  Gateway  
  70  5:47  Probe  
  67  5:50  Gateway  
  67  5:52  Gateway  
  67  5:57  Probe, Robotics Facility  
  68  6:06  Probe  
  68  6:10  Sentry, Gateway  
  68  6:11  Adept x2  
  75  6:16  Probe  
  76  6:18  Probe  
  76  6:22  Probe  
  78  6:27  Pylon  
  78  6:28  Probe  
  78  6:30  Pylon  
  79  6:33  Pylon, Adept x2  
  79  6:34  Adept  
  79  6:36  Warp Prism  
  79  6:38  Probe x2  
  87  6:40  Pylon x2  
  87  6:44  Adept x2  
  87  6:45  Adept  
  93  6:47  Pylon  
  87  6:55  Adept x3  
  87  7:00  Stalker  
  95  7:06  Adept x3  
  101  7:12  Protoss Ground Armor Level 1  
  101  7:13  Blink  
  101  7:14  Observer  
  99  7:19  Adept x4  
  108  7:24  Adept  
  110  7:36  Adept x3  
  116  7:40  Stalker  
  116  7:41  Stalker x2  
  122  7:47  Assimilator  
  122  7:52  Assimilator, Adept x2  
  122  7:55  Pylon  
  126  8:01  Probe  
  126  8:02  Probe  
  126  8:03  Stalker x3  
  126  8:04  Stalker  
  134  8:06  Immortal  
  138  8:22  Adept x2  
  138  8:23  Adept x2  
  138  8:26  Pylon  
  146  8:28  Pylon  
  146  8:35  Sentry  
  146  8:36  Immortal  
  146  8:38  Pylon  
  146  8:40  Photon Cannon, Shield Battery  
  150  8:53  Adept x4  
  158  8:56  Adept  
  158  8:58  Sentry x2  
  164  9:12  Adept  
  164  9:13  Adept x3  
  172  9:20  Adept  
  172  9:31  Adept x2  
  132  9:38  Stalker x3  
  132  9:39  Stalker x2  
Show
View Real Time Build Order
Export as new Build Order

HeroMarine Terran 

Build Orders: Reaper Expand 

Get SALT Encoding   

  12  0:00  SCV  
  13  0:12  SCV  
  14  0:17  Supply Depot  
  14  0:25  SCV  
  15  0:38  SCV  
  15  0:39  Barracks  
  16  0:43  Refinery  
  16  0:50  SCV  
  17  1:02  SCV  
  18  1:15  SCV  
  19  1:26  Reaper  
  19  1:27  Orbital Command  
  20  1:41  Command Center  
  20  1:53  SCV  
  21  1:55  Supply Depot  
  21  1:58  Barracks Reactor  
  21  2:05  SCV  
  21  2:06  Refinery  
  22  2:17  SCV  
  22  2:20  Factory  
  23  2:29  SCV  
  24  2:35  Marine x2  
  26  2:41  SCV  
  27  2:53  SCV, Marine x2  
  27  2:54  Barracks  
  30  3:02  Orbital Command  
  30  3:05  SCV, Factory Tech Lab  
  30  3:09  Starport  
  31  3:13  Marine  
  31  3:14  Marine  
  31  3:18  SCV  
  34  3:24  Cyclone  
  37  3:31  SCV x2  
  37  3:32  Refinery  
  39  3:37  Marine x2  
  41  3:44  SCV x2, Supply Depot  
  43  3:50  Barracks Tech Lab  
  43  3:54  Marine  
  44  4:01  SCV x2  
  44  4:02  Barracks  
  46  4:11  Engineering Bay, Siege Tank  
  46  4:13  SCV x2  
  51  4:20  Stimpack  
  51  4:21  Starport Reactor  
  51  4:24  Supply Depot  
  51  4:25  SCV  
  51  4:28  SCV  
  53  4:33  Barracks  
  53  4:36  Marine x2  
  54  4:45  Terran Infantry Weapons Level 1  
  54  4:46  SCV x2  
  54  4:49  Siege Tank  
  59  4:58  SCV x2  
  62  5:02  Supply Depot  
  62  5:04  Supply Depot  
  62  5:05  Missile Turret, Barracks Tech Lab  
  61  5:12  Marauder  
  61  5:13  Marine x2  
  65  5:14  SCV x2  
  63  5:25  Marine x2  
  54  5:31  Marine x2  
  54  5:33  Marine  
  54  5:34  Combat Shield  
  47  5:43  Marine  
  47  5:45  Medivac  
  47  5:48  SCV, Marine  
  47  5:49  Marine  
  49  5:51  SCV, Marine  
  47  5:57  Marine x2  
  47  5:58  Siege Tank  
  47  6:01  Marine  
  53  6:06  Missile Turret, Marine  
  53  6:07  Marine  
  53  6:10  Marauder  
  59  6:15  Medivac  
  59  6:16  Marine x2  
  61  6:24  Marine  
  61  6:25  Marine  
  64  6:27  Marauder  
  64  6:29  Concussive Shells  
  64  6:31  Marauder  
  67  6:33  Supply Depot  
  67  6:34  Marine  
  67  6:39  Siege Tank  
  71  6:43  Marine x2  
  71  6:44  Marine  
  74  6:47  SCV, Liberator  
  74  6:48  SCV, Marauder  
  78  6:54  Marine x2  
  78  7:00  Supply Depot  
  80  7:01  Marine x2  
  80  7:02  Marine  
  86  7:15  SCV x2  
  86  7:20  Marauder x2  
  82  7:27  SCV x2, Marine  
  82  7:28  Marine x2  
  87  7:31  Terran Infantry Armor Level 1  
  87  7:34  Factory Reactor  
  87  7:37  Marine  
  87  7:39  SCV x2  
  87  7:42  Marauder x2  
  94  8:00  Medivac, Marine x4  
  94  8:02  Marine  
  94  8:04  Supply Depot  
  102  8:06  Supply Depot  
  102  8:12  Supply Depot  
  102  8:18  Widow Mine x2  
  106  8:20  Marine x3  
  106  8:21  Marauder, Marine  
  106  8:26  Marauder  
  112  8:27  Supply Depot  
  112  8:30  Medivac  
  114  8:38  Marine x2  
  114  8:40  Widow Mine x2  
  120  8:43  Marauder, Liberator, Marine x2  
  120  8:47  Marauder  
  126  8:56  Marine x2  
  126  9:01  Marine  
  132  9:09  Marine x3  
  135  9:13  Marine  
  135  9:21  Marine x2  
  131  9:27  Marine x2  
Tags
 
Add a new tag
Caveats
  • Supply blocks, unpowered buildings, or Contaminate may cause inaccurate times.
  • Supply counts are checked every 10 seconds.